 Dungeon Crawl Stone Soup version 0.26-a0-540-g8a0c9464d7 (webtiles) character file.

Game seed: 2213466754130636728

10849 night the Thaumaturge (level 11, 0/133 HPs)
             Began as a Yellow Draconian Venom Mage on Aug 17, 2020.
             Was an Elder of Vehumet.
             Slain by a water moccasin (2 damage)
             ... on level 2 of the Lair of Beasts.
             The game lasted 00:40:54 (13323 turns).

night the Thaumaturge (DrVM)                       Turns: 13323, Time: 00:40:55

Health: 0/133      AC: 11    Str: 11    XL:     11   Next: 41%
Magic:  33/34      EV: 12    Int: 19    God:    Vehumet [****..]
Gold:   522        SH:  0    Dex: 11    Spells: 15/31 levels left

rFire    . . .     SeeInvis .   A - +2 war axe (flame)
rCold    . . .     Faith    .   (no shield)
rNeg     + . .     Spirit   .   (armour unavailable)
rPois    .         Reflect  .   (helmet restricted)
rElec    .         Harm     .   F - +2 cloak
rCorr    +                      (no gloves)
MR       .....                  u - +0 pair of boots (curse)
Stlth    ..........             M - amulet of regeneration
HPRegen  0.72/turn              l - ring of magical power
MPRegen  0.24/turn              w - ring of positive energy

@: berserking (expiring), lethally poisoned (0 -> -8), very quick
A: spit acid, unfitting armour, cold-blooded, acid resistance, AC +7
a: Breathe Acid, Renounce Religion


You were on level 2 of the Lair of Beasts.
You worshipped Vehumet.
Vehumet was greatly pleased with you.
You visited 3 branches of the dungeon, and saw 11 of its levels.

You collected 522 gold pieces.

Inventory:

Hand Weapons
 a - a +1 dagger
 r - a +0 dagger of venom
 x - a +0 short sword of speed
 y - the +5 falchion "Xamuxtad" {holy, +Fly rN+}
   (You found it on level 5 of the Dungeon)

   It has been blessed by the Shining One to cause great damage to the undead
   and demons.
   It protects you from negative energy.
   It lets you fly.
 A - a +2 war axe of flaming (weapon)
 D - a +2 mace of protection
 K - a +3 trident of pain
Missiles
 q - 3 atropa-tipped darts
 s - 17 boomerangs (quivered)
 t - 46 poisoned darts
Armour
 u - a cursed +0 pair of boots (worn)
 C - a +0 cloak
 F - a +2 cloak (worn)
Jewellery
 l - a ring of magical power (left hand)
 w - a ring of positive energy (right hand)
 M - an amulet of regeneration (around neck)
 P - an uncursed ring of flight
 Q - a cursed ring of teleportation {unknown}
Wands
 j - a wand of flame (31)
 B - a wand of polymorph (8)
 E - a wand of iceblast (12)
 G - a wand of paralysis (12)
 J - a wand of digging (5)
 O - a wand of disintegration (8)
Scrolls
 b - 4 scrolls of remove curse
 d - 2 scrolls of enchant weapon
 e - 2 scrolls of enchant armour
 i - a scroll of magic mapping
 k - a scroll of fog
 n - 3 scrolls of teleportation
 L - a scroll of amnesia
 T - a scroll of summoning {unknown}
Potions
 c - 3 potions of magic
 f - a potion of heal wounds
 g - 2 potions of brilliance {unknown}
 m - 2 potions of lignification
 o - 3 potions of curing
 p - a potion of cancellation
 v - 3 potions of might
 z - a potion of mutation
 H - a potion of invisibility
 N - a potion of ambrosia {unknown}
 R - a potion of haste
 S - a potion of flight
Miscellaneous
 I - a phial of floods


   Skills:
 + Level 5.9 Fighting
 - Level 1.7 Dodging
 - Level 1.7 Stealth
 + Level 10.8 Spellcasting
 - Level 1.0 Transmutations
 * Level 7.7 Ice Magic
 - Level 10.6 Poison Magic


You had 15 spell levels left.
You knew the following spells:

 Your Spells              Type           Power        Failure   Level
a - Sting                 Tmut/Pois      ####         1%          1
b - Poisonous Vapours     Pois/Air       ####..       1%          2
c - Ignite Poison         Fire/Tmut/Pois ####....     1%          3
d - Olgreb's Toxic Radia  Pois           ######..     1%          4
e - Mephitic Cloud        Conj/Pois/Air  ###.....     1%          3
f - Frozen Ramparts       Ice            #####.       1%          3

Your spell library contained the following spells:

 Spells                   Type           Power        Failure   Level
 Fireball                 Conj/Fire      ##........   41%         5
 Freeze                   Ice            ####         1%          1
 Ozocubu's Armour         Ice            #####...     1%          3
 Spider Form              Tmut/Pois      ####......   1%          3
 Beastly Appendage        Tmut           ##....       4%          1
 Hailstorm                Conj/Ice       ####....     4%          4
 Animate Skeleton         Necr           ##....       7%          1
 Apportation              Tloc           ##....       7%          1
 Corona                   Hex            ##.....      7%          1
 Summon Small Mammal      Summ           ##..         7%          1
 Wereblood                Tmut           ##......     7%          2
 Ice Form                 Ice/Tmut       ####....     11%         4
 Summon Ice Beast         Ice/Summ       ####....     14%         4
 Blade Hands              Tmut           ##........   77%         5


Dungeon Overview and Level Annotations

Branches:
Dungeon (8/15)             Temple (1/1) D:4            Lair (2/6) D:8
  Swamp: Lair:2-4    Shoals: Lair:2-4     Snake: Lair:2-4    Spider: Lair:2-4

Altars:
Ashenzari
Cheibriados
Dithmenos
Elyvilon
Fedhas
Gozag
Hepliaklqana
Makhleb
Okawaru
Qazlal
Ru
Trog
Uskayaw
Vehumet
Wu Jian
Xom
Yredelemnul
Zin
The Shining One

Annotations:
Lair:2 3 runed translucent doors, Graouh's ghost, novice MiFi


Innate Abilities, Weirdness & Mutations

You can spit globs of acid.
Your golden yellow scales are hard. (AC +7)
You cannot fit into any form of body armour.
You are cold-blooded and may be slowed by cold attacks.
You are resistant to acid. (rCorr)


Message History

You are too berserk!
You are too berserk!
You slash the cane toad! You burn the cane toad.
You kill the cane toad!
Vehumet accepts your kill.
You feel your power returning.
You slash the fungus! You burn the fungus.
* * * LOW HITPOINT WARNING * * *
You feel sick.
You miss the water moccasin. You slash the fungus! You burn the fungus.
You destroy the fungus!
* * * LOW HITPOINT WARNING * * *
You feel very sick. The water moccasin bites you.
* * * LOW HITPOINT WARNING * * *
You are too berserk!
You closely miss the water moccasin.
You have got your breath back.
* * * LOW HITPOINT WARNING * * *
You feel sick. The water moccasin bites you.
You die...

#..##..###.♣..(#..#####P.###
.........#.(.).#............
.........#...[.+............
.........#(....+............
....?....#..♣..+............
.........#!.$.(#............
.........#....W#............
......!..#######............
..........S@................
P##..####...#P#.P##.#.#PP#.#
## ##########.######### ###


You could see a water moccasin.

Vanquished Creatures
  A hydra (Lair:2)
  A manticore (D:7)
  5 cane toads
  A rime drake (Lair:2)
  2 komodo dragons (Lair:1)
  3 blink frogs (Lair:1)
  3 hippogriffs
  A wyvern (Lair:1)
  A basilisk (D:8)
  4 yaks (Lair:2)
  5 water moccasins
  8 porcupines
  2 sky beasts (D:6)
  2 orc warriors
  An ice beast (D:7)
  2 phantoms
  A black bear (D:8)
  10 wolves
  2 ogres
  A centaur (D:7)
  4 crocodiles
  A big kobold (D:7)
  5 bullfrogs
  A wyvern zombie (D:8)
  2 scorpions
  9 wights (D:8)
  5 killer bees (D:8)
  2 howler monkeys
  A bullfrog zombie (D:7)
  A hound (D:6)
  7 orc priests
  A bullfrog skeleton (D:5)
  9 orc wizards
  A centaur skeleton (D:4)
  An iguana (D:4)
  6 worker ants
  A hound skeleton (D:4)
  A worker ant zombie (D:6)
  15 adders
  2 white imps (D:6)
  2 ufetubi (D:7)
  An ooze (D:1)
  An adder zombie (D:5)
  An adder skeleton (D:5)
  A worm (D:3)
  A dart slug (D:3)
  10 leopard geckos
  32 orcs
  8 giant cockroaches
  8 goblins
  4 hobgoblins
  3 jackals (D:3)
  16 kobolds
  3 quokkas
  A ball python (D:8)
  11 bats
  5 frilled lizards
  2 leopard gecko skeletons
  A quokka skeleton (D:6)
  9 rats
  A fungus (Lair:2)
252 creatures vanquished.

Vanquished Creatures (others)
  A bush (D:8)
  5 fungi (D:8)
  9 plants (D:8)
15 creatures vanquished.

Grand Total: 267 creatures vanquished

Notes
Turn   | Place    | Note
-------+----------+-------------------------------------------
     0 | D:1      | night the Draconian Venom Mage began the quest for the Orb.
     0 | D:1      | Reached XP level 1. HP: 14/14 MP: 3/3
   236 | D:1      | Reached XP level 2. HP: 12/20 MP: 0/5
   626 | D:1      | Reached XP level 3. HP: 20/26 MP: 2/7
   631 | D:1      | Learned a level 3 spell: Mephitic Cloud
   635 | D:1      | Learned a level 3 spell: Ignite Poison
  1638 | D:2      | Reached XP level 4. HP: 33/33 MP: 5/8
  1642 | D:2      | Learned a level 2 spell: Poisonous Vapours
  2437 | D:3      | Reached XP level 5. HP: 31/38 MP: 10/10
  2803 | D:3      | Found a faded altar of an unknown god.
  2971 | D:3      | Found a white marble altar of Elyvilon.
  3525 | D:4      | HP: 1/38 [centaur skeleton (6)]
  3526 | D:4      | Reached skill level 5 in Poison Magic
  3993 | D:4      | Found a staircase to the Ecumenical Temple.
  4003 | Temple   | Entered the Ecumenical Temple
  4301 | Temple   | Became a worshipper of Vehumet
  4416 | D:4      | Reached XP level 6. HP: 38/45 MP: 12/12
  4858 | D:5      | Entered Level 5 of the Dungeon
  4905 | D:5      | Got a crystal falchion
  4905 | D:5      | Identified the +5 falchion "Xamuxtad" {holy, +Fly rN+} (You
                  | found it on level 5 of the Dungeon)
  5002 | D:5      | Learned a level 4 spell: Olgreb's Toxic Radiance
  5308 | D:5      | Reached skill level 5 in Spellcasting
  5386 | D:5      | Reached * piety under Vehumet
  5386 | D:5      | Offered knowledge of Freeze by Vehumet.
  5386 | D:5      | Your scales start taking on a golden yellow colour.
  5386 | D:5      | Reached XP level 7. HP: 50/50 MP: 13/14
  5386 | D:5      | Gained mutation: You are resistant to acid. (rCorr) [Yellow
                  | Draconian growth]
  5594 | D:5      | Found a runed translucent door.
  5595 | D:5      | Noticed Crazy Yiuf
  5605 | D:5      | Noticed Crazy Yiuf
  5605 | D:5      | Crazy Yiuf changed into Crazy Yiuf the howler monkey
  5611 | D:5      | Killed Crazy Yiuf the howler monkey
  6319 | D:6      | Reached XP level 8. HP: 32/57 MP: 17/17
  6458 | D:6      | Found a stormy altar of Qazlal.
  6497 | D:6      | Found a bloodstained altar of Trog.
  6499 | D:6      | Offered knowledge of Foxfire by Vehumet.
  6653 | D:6      | Reached ** piety under Vehumet
  7184 | D:7      | Noticed a hippogriff
  7202 | D:7      | Killed a hippogriff
  8300 | D:7      | Found a large runed translucent door.
  8300 | D:7      | Found a large runed translucent door.
  8303 | D:7      | Noticed a manticore
  8330 | D:7      | Killed a manticore
  8330 | D:7      | Reached XP level 9. HP: 17/62 MP: 21/21
  8557 | D:7      | Found a large runed translucent door.
  8557 | D:7      | Found a large runed translucent door.
  9323 | D:8      | Offered knowledge of Static Discharge by Vehumet.
  9360 | D:8      | Reached skill level 10 in Poison Magic
  9562 | D:8      | Reached *** piety under Vehumet
  9587 | D:8      | HP: 8/62 [wight/+3 trident of freezing (4)]
  9951 | D:8      | Found a staircase to the Lair.
 10055 | D:8      | Reached XP level 10. HP: 65/69 MP: 23/23
 10074 | D:8      | Learned a level 3 spell: Frozen Ramparts
 10098 | D:8      | Offered knowledge of Dazzling Flash by Vehumet.
 10101 | D:8      | Reached skill level 1 in Fighting
 10101 | D:8      | Reached skill level 1 in Ice Magic
 10373 | D:8      | Reached skill level 2 in Ice Magic
 10423 | D:8      | Reached skill level 2 in Fighting
 11124 | Lair:1   | Entered Level 1 of the Lair of Beasts
 11212 | Lair:1   | Noticed a cane toad
 11228 | Lair:1   | Killed a cane toad
 11365 | Lair:1   | Noticed a cane toad
 11384 | Lair:1   | Killed a cane toad
 11384 | Lair:1   | Reached **** piety under Vehumet
 11384 | Lair:1   | Reached skill level 10 in Spellcasting
 11718 | Lair:1   | Noticed a cane toad
 11731 | Lair:1   | Killed a cane toad
 11743 | Lair:1   | Reached skill level 5 in Ice Magic
 12047 | Lair:1   | Noticed a cane toad
 12058 | Lair:1   | Killed a cane toad
 12479 | Lair:1   | Reached XP level 11. HP: 74/85 MP: 25/25
 12909 | Lair:2   | Reached skill level 5 in Fighting
 13033 | Lair:2   | Offered knowledge of Fireball by Vehumet.
 13088 | Lair:2   | Noticed a five-headed hydra
 13107 | Lair:2   | Killed a four-headed hydra
 13231 | Lair:2   | Found a runed translucent gate.
 13231 | Lair:2   | Found a runed translucent gate.
 13231 | Lair:2   | Found a runed translucent gate.
 13236 | Lair:2   | Noticed Graouh's ghost (novice MiFi)
 13314 | Lair:2   | HP: 10/89 [cane toad (11)]
 13314 | Lair:2   | HP: 2/89 [cane toad (8)]
 13319 | Lair:2   | HP: 11/89 [cane toad (18)]
 13322 | Lair:2   | HP: 4/133 [poisoned by a cane toad]
 13323 | Lair:2   | Slain by a water moccasin

Illustrated notes

Levels and vault maps discovered:
D:1:      zelgadis_glass_arrival_small, layout_loops_ring
D:2:      layout_basic, st_stairs_5
D:3:      layout_basic, chequers_ecumenical_altar_simple, elyvilon_altar_3
D:4:      layout_basic, minmay_temple_entry_slanted, grunt_tough_drop
D:5:      layout_rooms, uniq_crazy_yiuf_cottage
D:6:      layout_loops_cross, grunt_temple_overflow_open
D:7:      layout_basic, minmay_hollow_rounded_squares
D:8:      layout_basic, minmay_lair_entry_grove
Temple:   minmay_temple_bridge_d
Lair:1:   layout_chaotic_city
Lair:2:   layout_big_grid, ebering_ghost_rock_garden, minmay_lair_oklob_chamber

Skill      XL: |  1  2  3  4  5  6  7  8  9 10 11 |
---------------+----------------------------------+-----
Spellcasting   | 3 4 5 6 8 9 10 | 10.8
Poison Magic   | 4 5 6 7 9 10 | 10.6
Fighting       | 4 5 |  5.9
Ice Magic      | 6 7 |  7.7
Dodging        | |  1.7
Stealth        | |  1.7
Transmutations | |  1.0

Action                   |  1- 3 |  4- 6 |  7- 9 | 10-12 || total
-------------------------+-------+-------+-------+-------++-------
Melee: Unarmed           |    24 |       |       |       ||    24
       Tailslap          |     1 |     7 |    13 |     4 ||    25
       Dagger            |    19 |    64 |       |       ||    83
       Falchion          |       |    20 |    98 |    44 ||   162
       Mace              |       |       |    17 |       ||    17
       Trident           |       |       |     4 |       ||     4
       War axe           |       |       |       |    10 ||    10
 Cast: Sting             |    61 |    39 |    60 |    44 ||   204
       Poisonous Vapours |       |    33 |    15 |    17 ||    65
       Olgreb's Toxic Ra |       |     4 |    33 |    24 ||    61
       Mephitic Cloud    |       |       |    10 |     2 ||    12
       Ignite Poison     |       |       |     8 |     8 ||    16
       Frozen Ramparts   |       |       |       |    10 ||    10
 Abil: Breathe Acid      |       |       |     8 |     2 ||    10
Evoke: Wand              |       |     1 |     4 |       ||     5
  Use: Scroll            |     2 |    10 |     7 |       ||    19
       Potion            |       |       |     2 |     6 ||     8
Armor: Skin              |    26 |    19 |    77 |    33 ||   155
Dodge: Dodged            |    48 |    57 |   135 |    64 ||   304
       Rpst.: Falchion   |       |     3 |    30 |    18 ||    51

Table legend: (Time is in decaauts)
 A = Elapsed time spent in this place.
 B = Non-inter-level travel time spent in this place.
 C = Inter-level travel time spent in this place.
 D = Time resting spent in this place.
 E = Time spent auto-exploring this place.
 F = Levels seen in this place.
 G = Mean time per level.
                   A        B        C        D        E       F      G
               +--------+--------+--------+--------+--------+-----+--------+
         Total |  13356 |  12940 |    416 |   3455 |   7319 |  11 | 1214.2 |
       Dungeon |  10797 |  10554 |    243 |   2673 |   6074 |   8 | 1349.6 |
        Temple |    371 |    223 |    148 |      0 |    222 |   1 |  371.0 |
          Lair |   2187 |   2162 |     25 |    782 |   1023 |   2 | 1093.5 |
               +--------+--------+--------+--------+--------+-----+--------+

Top non-repeatable levels by time:
     D:7: 2175 daAuts
     D:8: 1868 daAuts
  Lair:1: 1619 daAuts
     D:3: 1597 daAuts
     D:6: 1353 daAuts
     D:1: 1237 daAuts
     D:2: 957 daAuts
     D:5: 913 daAuts
     D:4: 695 daAuts
  Lair:2: 568 daAuts
  Temple: 371 daAuts
